 Dungeon Crawl Stone Soup version 0.27-a0-931-g5a74e75d8f (webtiles) character file.

Game seed: 5277185037567045860

44 Alarkh the Insei (level 3, -9/28 HPs)
             Began as a Demonspawn Gladiator on Apr 10, 2021.
             Mangled by a wyvern zombie (13 damage)
             ... on level 2 of the Dungeon.
             The game lasted 00:01:24 (1390 turns).

Alarkh the Insei (Demonspawn Gladiator)             Turns: 1390, Time: 00:01:24

Health: -9/28      AC:  6    Str: 12 (14) XL:     3   Next: 39%
Magic:  3/3        EV: 12    Int:  9 (10) God:
Gold:   72         SH:  0    Dex: 14      Spells: 2/2 levels left

rFire    + . .     SeeInvis .     - Unarmed
rCold    . . .     Faith    .   (no shield)
rNeg     . . .     Spirit   .   a - +0 leather armour
rPois    .         Reflect  .   b - +0 helmet
rElec    .         Harm     .   (no cloak)
rCorr    .         Rampage  .   (no gloves)
Will     .....                  (no boots)
Stlth    +.........             (no amulet)
HPRegen  0.09/turn              d - ring of protection from fire
MPRegen  0.08/turn              (no ring)

@: no status effects
A: thin metallic scales 1, powered by death 1
a: no special abilities


You were on level 2 of the Dungeon.
You visited 1 branch of the dungeon, and saw 2 of its levels.

You collected 72 gold pieces.

Inventory:

Missiles
 c - 3 throwing nets (quivered)
Armour
 a - a +0 leather armour (worn)
 b - a +0 helmet (worn)
Jewellery
 d - a ring of protection from fire (left hand)
Scrolls
 f - a scroll of amnesia {unknown}
 g - a scroll of teleportation {unknown}
Potions
 e - a potion of mutation {unknown}
 h - a potion of magic {unknown}


   Skills:
 + Level 2.7 Fighting
 - Level 1.7 Throwing
 - Level 2.6 Dodging
 * Level 3.7 Unarmed Combat


You had 2 spell levels left.
You didn't know any spells.
Your spell library contained the following spells:

 Spells                   Type           Power      Damage    Failure   Level
 Magic Dart               Conj           0%         1d3       45%         1
 Blink                    Tloc           N/A        N/A       61%         2
 Call Imp                 Summ           0%         N/A       61%         2
 Slow                     Hex            0%         N/A       61%         2
 Conjure Flame            Conj/Fire      0%         6-21      83%         3
 Mephitic Cloud           Conj/Pois/Air  0%         N/A       83%         3


Dungeon Overview and Level Annotations

Branches:
Dungeon (2/15)

Altars:


Innate Abilities, Weirdness & Mutations

You are partially covered in thin metallic scales. (AC +2)
You regenerate a little health from kills.


Message History

The kobold is severely wounded.
The kobold hits you with a +0 whip.
You hit the kobold.
You kill the kobold!
You start resting.
HP restored.
Found a stone staircase leading down.
You see here a +0 whip.
Found a robe.
No target in view!
A wyvern zombie comes into view.
A wyvern zombie is nearby!
A wyvern zombie is nearby!
Found a dagger.
You see here a +0 robe.
There is a stone staircase leading up here.
You hit the wyvern zombie.
The wyvern zombie is lightly damaged.
The wyvern zombie barely misses you.
You hit the wyvern zombie.
The wyvern zombie is lightly damaged.
The wyvern zombie bites you. The wyvern zombie closely misses you.
You barely miss the wyvern zombie.
The wyvern zombie is lightly damaged.
The wyvern zombie barely misses you.
You punch the wyvern zombie!
The wyvern zombie is moderately damaged.
The wyvern zombie barely misses you.
You hit the wyvern zombie.
You punch the wyvern zombie, but do no damage.
The wyvern zombie is heavily damaged.
The wyvern zombie bites you!
You are too injured to fight recklessly!
You are too injured to fight recklessly!
You hit the wyvern zombie.
The wyvern zombie is heavily damaged.
The wyvern zombie bites you!
* * * LOW HITPOINT WARNING * * *
The wyvern zombie bites you!
You die...

#.......# #
####.####
..>####.###
........).#
.#.##.##..#
..........#######
#...............
.#.#..##..#######
........@.#
.#.#.##.Z.#
#.#.##...#
#........#
#####...## #.[.#
#...# #...#
.......


You could see a wyvern zombie.

Vanquished Creatures
  An adder (D:2)
  A gnoll (D:1)
  A ball python (D:1)
  3 endoplasms (D:1)
  6 giant cockroaches (D:1)
  2 hobgoblins (D:1)
  2 kobolds
  A quokka (D:1)
  A frilled lizard (D:1)
  2 goblins (D:1)
  A rat (D:1)
21 creatures vanquished.

Notes
Turn   | Place    | Note
-------+----------+-------------------------------------------
     0 | D:1      | Alarkh the Demonspawn Gladiator began the quest for the
                  | Orb.
     0 | D:1      | Reached XP level 1. HP: 16/16 MP: 1/1
    87 | D:1      | Reached skill level 3 in Unarmed Combat
    92 | D:1      | Gained mutation: You regenerate a little health from kills.
                  | [demonic ancestry]
    92 | D:1      | Reached XP level 2. HP: 14/22 MP: 2/2
   501 | D:1      | HP: 1/23 [gnoll/+0 spear (5)]
   528 | D:2      | Gained mutation: You are partially covered in thin metallic
                  | scales. (AC +2) [demonic ancestry]
   528 | D:2      | Reached XP level 3. HP: 4/28 MP: 3/3
  1390 | D:2      | Mangled by a wyvern zombie

Illustrated notes

Levels and vault maps discovered:
D:1:      minmay_arrival_nine_rooms, layout_loops_ring, minmay_misc_feat_chi,
          minmay_worlds_worst_comb
D:2:      layout_loops_cross, basic_altar

Skill      XL: |  1 |
---------------+----+-----
Unarmed Combat | 3 |  3.7
Fighting       | |  2.7
Throwing       | |  1.7
Dodging        | |  2.6

Action                   || total
-------------------------++-------
Melee: Unarmed           ||    94
       Punch             ||     1
  Use: Potion            ||     2
 Stab: Sleeping          ||     2
Armor: Leather armour    ||    25
Dodge: Dodged            ||    58

Table legend: (Time is in decaauts)
 A = Elapsed time spent in this place.
 B = Non-inter-level travel time spent in this place.
 C = Inter-level travel time spent in this place.
 D = Time resting spent in this place.
 E = Time spent auto-exploring this place.
 F = Levels seen in this place.
 G = Mean time per level.
                   A        B        C        D        E       F      G
               +--------+--------+--------+--------+--------+-----+--------+
         Total |   1384 |   1358 |     26 |    404 |    737 |   2 |  692.0 |
       Dungeon |   1384 |   1358 |     26 |    404 |    737 |   2 |  692.0 |
               +--------+--------+--------+--------+--------+-----+--------+

Top non-repeatable levels by time:
     D:1: 924 daAuts
     D:2: 459 daAuts
